 Dungeon Crawl Stone Soup version 0.31-a0-237-g2d982f9f85 (webtiles) character file.

Game seed: 14616719064422735738

72 qw the Shooter (level 4, -8/26 HPs)
             Began as a Gargoyle Hexslinger on July 11, 2023.
             Mangled by an orc
             ... wielding a +2 heavy mace
              (11 damage)
             ... on level 3 of the Dungeon.
             The game lasted 00:00:41 (1813 turns).

qw the Shooter (Gargoyle Hexslinger)                Turns: 1813, Time: 00:00:42

Health: -8/26      AC: 10    Str: 12    XL:     4   Next: 26%
Magic:  5/5        EV: 10    Int: 13    God:
Gold:   154        SH:  0    Dex: 14    Spells: 4/5 levels left

rFire   . . .        Y - +1 sling
rCold   . . .        (no shield)
rNeg    + . .        d - +0 ring mail
rPois   inf          (no helmet)
rElec   +            i - +1 cloak
rCorr   .            (no gloves)
SInv    .            (no boots)
Will    .....        (no amulet)
Stlth   +            (no ring)
HPRegen 0.24/turn    (no ring)
MPRegen 0.09/turn

%: no passive effects
@: no status effects
A: sickness immunity, AC +3, negative energy resistance 1, electricity
resistance, torment resistance 1, petrification resistance
a: no special abilities


You were on level 3 of the Dungeon.
You visited 1 branch of the dungeon, and saw 3 of its levels.

You collected 154 gold pieces.


Innate Abilities, Weirdness & Mutations

You are immune to sickness and miasma.
Your stone body is resilient. (AC +3)
You are immune to poison.
You resist negative energy. (rN+)
You are resistant to electric shocks. (rElec)
You are resistant to unholy torment.
You are immune to petrification.


   Skills:
 - Level 2.0 Fighting
 + Level 3.8 Ranged Weapons
 - Level 1.1 Armour
 - Level 1.5 Dodging
 - Level 1.0 Spellcasting
 - Level 2.6 Hexes


You had 4 spell levels left.
You knew the following spells:

 Your Spells              Type           Power      Damage    Failure   Level
a - Slow                  Hex            28%        N/A       22%         1

Your spell library contained the following spells:

 Spells                   Type           Power      Damage    Failure   Level
 Inner Flame              Hex/Fire       4%         N/A       73%         3
 Portal Projectile        Hex/Tloc       8%         N/A       73%         3
 Cause Fear               Hex            3%         N/A       91%         4

Inventory:

Hand Weapons
 Y - a +1 sling (weapon)
Armour
 d - a +0 ring mail (worn)
 i - a +1 cloak (worn)
Scrolls
 a - a scroll of identify
 b - a scroll of blinking {unknown}
Potions
 f - a potion of heal wounds
 j - a potion of attraction {unknown}

Dungeon Overview and Level Annotations

Branches:
Dungeon (3/15)

Altars:
Zin


Message History

An orc comes into view. It is wielding a +2 heavy mace.
An orc comes into view. It is wielding a +0 hand axe.
The orc wizard casts a spell at you. You resist with some effort.
The orc moves out of view.
You hear a shout!
The orc shouts!
The orc wizard points at you and mumbles some strange words.
You are more confused.
The orc wizard gestures at you while chanting.
You resist with some effort.
An orc wizard comes into view. It is wielding a +0 dagger.
The orc wizard shouts!
The orc wizard mumbles some strange words.
The orc wizard flickers and vanishes!
Deactivating autopickup; reactivate with Ctrl-A.
The orc barely misses you.
The orc wizard hits you but does no damage.
The orc hits you with a +0 hand axe. The orc wizard closely misses you.
The orc closely misses you.
The orc wizard hits you but does no damage.
The orc hits you with a +0 hand axe. The orc closely misses you.
You feel less confused. The orc wizard misses you.
The orc hits you but does no damage.
You shoot a sling bullet. The sling bullet hits the orc wizard.
The orc wizard is moderately wounded.
The orc wizard gestures wildly while chanting.
The orc wizard flickers and vanishes!
The orc hits you but does no damage. x2
You shoot a sling bullet. The sling bullet hits the orc.
The orc is almost dead.
Something hits you but does no damage. x2; The orc hits you but does no damage.
The orc hits you with a +0 hand axe. The orc hits you with a +2 heavy mace.
Something hits you but does no damage. Something hits you.
You shoot a sling bullet.
The sling bullet closely misses the orc.
Something hits you.
You hear some strange, mumbled words.
A puff of flame appears from out of thin air!
The puff of flame hits you! The orc barely misses you.
The orc hits you with a +2 heavy mace!
You die...

#......#####.P
#####..#########..
#.......#####..)..
#..........<......
#.................
##.#####....%.....
##.# #.......... #..#
#.......... #@o#
#..........
#..{o.....#..........
#.........##########.
#.........#
#...........
#.........##
#.........#
#.........#


You could see 2 orcs.

Vanquished Creatures
  An adder (D:3)
  2 worms (D:2)
  3 dart slugs (D:1)
  6 ball pythons
  9 endoplasms
  2 giant cockroaches (D:1)
  5 goblins
  4 hobgoblins
  A quokka (D:1)
  4 bats
  2 kobolds (D:1)
  8 rats
47 creatures vanquished.

Notes
Turn   | Place    | Note
-------+----------+-------------------------------------------
     0 | D:1      | qw the Gargoyle Hexslinger began the quest for the Orb.
     0 | D:1      | Reached XP level 1. HP: 12/12 MP: 2/2
     0 | D:1      | 0 ||| qw: Version: 0.3-a-52-g30416fa
     0 | D:1      | 0 ||| qw: Game counter: 5666
     0 | D:1      | 0 ||| qw: Melee chars always use a shield: true
     0 | D:1      | 0 ||| qw: God list: Okawaru
     0 | D:1      | 0 ||| qw: Allow faded altars: false
     0 | D:1      | 0 ||| qw: Do Orc after clearing Dungeon:15 true
     0 | D:1      | 0 ||| qw: Do second Lair branch before Depths: true
     0 | D:1      | 0 ||| qw: Lair rune preference: random
     0 | D:1      | 0 ||| qw: Goals: Normal
     0 | D:1      | 0 ||| PLANNING D:1-11
   163 | D:1      | Reached XP level 2. HP: 16/16 MP: 3/3
   220 | D:1      | Reached skill level 3 in Ranged Weapons
   356 | D:1      | Reached XP level 3. HP: 21/21 MP: 4/4
   738 | D:1      | 738 ||| UPGRADING to +0 ring mail.
   748 | D:1      | 748 ||| DROPPING +0 robe.
   749 | D:1      | 749 ||| DROPPING amulet of magic regeneration.
   750 | D:1      | 750 ||| READING scroll labelled SAM GOUPHO.
   751 | D:1      | 751 ||| READING scroll labelled XEPPOO TAIMNI.
   752 | D:1      | 752 ||| DROPPING scroll of poison.
  1513 | D:2      | Reached XP level 4. HP: 26/26 MP: 5/5
  1658 | D:2      | 1658 ||| UPGRADING to +1 cloak.
  1663 | D:2      | 1663 ||| DROPPING ring of flight.
  1664 | D:2      | 1664 ||| READING 2 scrolls labelled QOAKI IMUUMOICUA.
  1665 | D:2      | 1665 ||| READING scroll labelled ASOACW KAMYCO.
  1666 | D:2      | 1666 ||| DRINKING 2 clear potions.
  1667 | D:2      | 1667 ||| READING 3 scrolls of identify.
  1667 | D:2      | 1667 ||| IDENTIFYING viscous emerald potion
  1668 | D:2      | 1668 ||| READING 2 scrolls of identify.
  1668 | D:2      | 1668 ||| IDENTIFYING lumpy sapphire potion
  1669 | D:2      | 1669 ||| DROPPING potion of invisibility.
  1670 | D:2      | 1670 ||| DROPPING scroll of fear.
  1671 | D:2      | 1671 ||| DROPPING potion of lignification.
  1753 | D:3      | Reached skill level 1 in Armour
  1758 | D:3      | Found a glowing silver altar of Zin.
  1813 | D:3      | HP: 3/26 [something/puff of flame (8)]
  1813 | D:3      | Mangled by an orc

Levels and vault maps discovered:
D:1:      dpeg_arrival_shelter, layout_loops_ring, minmay_strange_pillars,
          dreamdust_princess_corridor, minmay_small_reverse_x
D:2:      layout_loops_ring, minmay_misc_feat_tower, kennysheep_generic_room_8
D:3:      gammafunk_wand_slinger, layout_rooms, general_overflow_altar,
          mainiacjoe_overflow_boulevard, amcnicky_altar_gilded,
          lemuel_doored_altar, serial_park_tiny_2

Skill      XL: |  1  2  3  4 |
---------------+-------------+-----
Ranged Weapons | 3 |  3.8
Fighting       | 2 |  2.0
Armour         | 1 |  1.1
Dodging        | |  1.5
Spellcasting   | |  1.0
Hexes          | |  2.6

Action                     |  1- 3 |  4- 6 || total
---------------------------+-------+-------++-------
   Fire: Sling             |   116 |    31 ||   147
    Use: Scroll            |     2 |     4 ||     6
         Potion            |       |     1 ||     1
 Armour: Robe              |    12 |       ||    12
         Ring mail         |     3 |    28 ||    31
  Dodge: Dodged            |    30 |    11 ||    41

Table legend:
 A = Non-vault XP
 B = Vault XP
 C = Vault XP percentage of total XP
 D = Non-vault monster count
 E = Vault monster count
 F = Vault count percentage of total count
                 A         B        C        D         E       F
            +---------+---------+-------+---------+---------+-------
      Total |      96 |       8 |   7.7 |      42 |       5 |  10.6
            +---------+---------+-------+---------+---------+-------
        D:1 |      51 |       6 |  10.5 |      26 |       4 |  13.3
        D:2 |      23 |       2 |   8.0 |      10 |       1 |   9.1
        D:3 |      22 |       0 |   0.0 |       6 |       0 |   0.0
            +---------+---------+-------+---------+---------+-------
